 Dungeon Crawl Stone Soup version 0.21-a0-442-g848f44b (webtiles) character file.

207 Oozefury the Insei (level 5, -4/41 HPs)
             Began as a Demonspawn Monk on Nov 14, 2017.
             Slain by Sigmund
             ... wielding a +3 scythe of venom
              (11 damage)
             ... on level 2 of the Dungeon.
             The game lasted 00:12:04 (3974 turns).

Oozefury the Insei (Demonspawn Monk)                Turns: 3974, Time: 00:12:05

Health: -4/41      AC:  5    Str: 12    XL:     5   Next: 54%
Magic:  5/5        EV: 11    Int: 12    God:
Gold:   133        SH:  0    Dex: 15    Spells: 4/4 levels left

rFire    . . .     SeeInvis .     - Unarmed
rCold    . . .     Gourm    .   j - +0 buckler
rNeg     . . .     Faith    .   c - +0 ring mail (curse)
rPois    .         Spirit   .   (helmet restricted)
rElec    .         Reflect  .   (no cloak)
rCorr    .         Harm     .   (no gloves)
MR       .....                  (no boots)
Stlth    ..........             (no amulet)
HPRegen  0.13/turn              (no ring)
MPRegen  0.09/turn              (no ring)

@: confused, lethally poisoned (-4 -> -14)
A: antennae 1, talons 1, demonic guardian 1
a: no special abilities


You were on level 2 of the Dungeon.
You were hungry.

You visited 1 branch of the dungeon, and saw 3 of its levels.

You collected 133 gold pieces.

Inventory:

Hand Weapons
 w - a +0 hunting sling
 x - a +0 blowgun
Missiles
 e - 188 stones (quivered)
 y - 14 poisoned needles
Armour
 a - a +0 robe
 c - a cursed +0 ring mail (worn)
 i - a +0 leather armour
 j - a +0 buckler (worn)
Jewellery
 n - a +3 amulet of reflection {unknown}
 s - an uncursed ring of positive energy {unknown}
Scrolls
 d - a scroll of amnesia {unknown}
 f - 3 scrolls of identify {unknown}
 g - a scroll of fog {unknown}
 l - a scroll of immolation {unknown}
 o - 3 scrolls of remove curse {unknown}
 v - 2 scrolls of teleportation {unknown}
Potions
 h - a potion of cancellation {unknown}
 k - a potion of curing {unknown}
 p - 2 potions of mutation {unknown}
 r - a potion of flight {unknown}
 t - 2 potions of lignification {unknown}
 u - a potion of ambrosia {unknown}
 z - a potion of agility {unknown}
 A - a potion of brilliance {unknown}
Books
 q - a book of Beasts

   Spells                             Type                      Level
   a - Summon Butterflies             Summoning                    1
   b - Call Canine Familiar           Summoning                    3
   c - Summon Ice Beast               Ice/Summoning                4
   d - Summon Mana Viper              Hexes/Summoning              5
   e - Summon Hydra                   Summoning                    7
Comestibles
 b - 2 bread rations
 m - 2 royal jellies


   Skills:
 - Level 3.0 Fighting
 + Level 2.5 Armour
 - Level 2.6 Dodging
 - Level 1.7 Stealth
 + Level 0.5 Shields
 * Level 4.9 Unarmed Combat


You had 4 spell levels left.
You didn't know any spells.

Dungeon Overview and Level Annotations

Branches:
Dungeon (3/15)

Altars:

Annotations:
D:2 Sigmund


Innate Abilities, Weirdness & Mutations

You have a pair of small antennae on your head.
You have sharp toenails.
A weak demonic guardian rushes to your aid.


Message History

You hear some strange, mumbled words.
A puff of flame appears from out of thin air!
The puff of flame hits you!
Your shadow imp barely misses something.
You take 10 damage, and have 23/41 hp.
MASSIVE DAMAGE!!
You miss something.
You feel sick.
Your shadow imp hits something but does no damage.
You take 1 damage, and have 22/41 hp.
You hit something. Something hits you!
* * * LOW HITPOINT WARNING * * *
You are lethally poisoned!
Your shadow imp gestures at something.
You take 14 damage, and have 8/41 hp.
MASSIVE DAMAGE!!
* * * LOW HITPOINT WARNING * * *
You feel sick.
Your shadow imp closely misses something.
You hit something. Your kick misses something.
* * * LOW HITPOINT WARNING * * *
You feel sick. Something hits you!
You die...

##.......####........
##...................
##.....w..##.#........
#...............#.....
#..........#.#..>.....
#..>.......#...####...
#................#####
#....{5.......##......
##...@....#.#..######.
#........#.##.######.
#...........##.>......
#..........#########..
#..........# ######...
#..........###........
####.....................
##........................
##............#.#..........


You could see a worm and a friendly shadow imp.

Vanquished Creatures
  Jessica (D:2)
  Natasha (twice) (D:3)
  6 adders
  A worm (D:2)
  3 dart slugs (D:1)
  2 leopard geckos (D:3)
  2 ball pythons (D:3)
  4 bats
  4 giant cockroaches
  13 goblins
  6 hobgoblins
  7 jackals
  12 kobolds
  2 quokkas
  2 frilled lizards
  4 rats
71 creatures vanquished.

Vanquished Creatures (collateral kills)
  2 kobolds (D:3)
2 creatures vanquished.

Grand Total: 73 creatures vanquished

Notes
Turn   | Place    | Note
-------+----------+-------------------------------------------
     0 | D:1      | Oozefury the Demonspawn Monk began the quest for the Orb.
     0 | D:1      | Reached XP level 1. HP: 18/18 MP: 1/1
   367 | D:1      | Reached skill level 3 in Unarmed Combat
   370 | D:1      | Gained mutation: You have a pair of small antennae on your head. [demonic ancestry]
   370 | D:1      | Reached XP level 2. HP: 19/24 MP: 2/2
   656 | D:1      | Reached skill level 1 in Armour
  1090 | D:1      | Reached XP level 3. HP: 10/29 MP: 3/3
  1643 | D:2      | Noticed Jessica
  2004 | D:2      | Noticed Sigmund
  2336 | D:1      | Reached skill level 4 in Unarmed Combat
  2336 | D:1      | Gained mutation: You have sharp toenails. [demonic ancestry]
  2336 | D:1      | Reached XP level 4. HP: 29/35 MP: 4/4
  2496 | D:2      | Noticed Natasha
  2512 | D:3      | Killed Natasha
  3149 | D:3      | Gained mutation: A weak demonic guardian rushes to your aid. [demonic ancestry]
  3149 | D:3      | Reached XP level 5. HP: 32/41 MP: 5/5
  3153 | D:3      | Noticed Natasha
  3161 | D:3      | Killed Natasha
  3581 | D:2      | Killed Jessica
  3974 | D:2      | Slain by Sigmund

Vault maps used:
D:1:      zaba_arrival_water, minmay_misc_feat_four_crosses
D:2:      serial_park_tiny_1, uniq_natasha, uniq_sigmund, uniq_jessica
D:3:      kennysheep_goblin_castle, marbit_many_paths, serial_bayou_pond_b,
          dk_yredelemnul_ordeal

Skill      XL: |  1  2  3  4 |
---------------+-------------+-----
Unarmed Combat | 3 4 |  4.9
Armour         | 1 2 |  2.5
Fighting       | |  3.0
Dodging        | |  2.6
Stealth        | |  1.7
Shields        | |  0.5

Action                   |  1- 3 |  4- 6 || total
-------------------------+-------+-------++-------
Melee: Unarmed           |   160 |   119 ||   279
       Punch             |     4 |       ||     4
       Kick              |       |    24 ||    24
 Stab: Sleeping          |     1 |     1 ||     2
       Distracted        |       |     1 ||     1
  Eat: Chunk             |     5 |     4 ||     9
Armor: Ring mail         |    73 |    37 ||   110
Dodge: Dodged            |   120 |    56 ||   176
Block: Buckler           |       |     1 ||     1

Table legend:
 A = Spawn XP
 B = Non-spawn XP
 C = Spawn XP percentage of total XP
 D = Spawn monster count
 E = Non-spawn monster count
 F = Spawn count percentage of total count
 G = Total turns spent on level
                    A         B        C        D         E        F      G
               +---------+---------+-------+---------+---------+-------+---------
         Total |       0 |     296 |   0.0 |       0 |      73 |   0.0 |  3974
               +---------+---------+-------+---------+---------+-------+---------
           D:1 |       0 |      63 |   0.0 |       0 |      25 |   0.0 |  2032
           D:2 |       0 |     100 |   0.0 |       0 |      17 |   0.0 |   878
           D:3 |       0 |     133 |   0.0 |       0 |      31 |   0.0 |  1064
               +---------+---------+-------+---------+---------+-------+---------
